 Dungeon Crawl Stone Soup version 0.30-a0-359-gd0147acb1a (webtiles) character file.

Game seed: 11874031986400867298

90 experimilk the Conjurer (level 4, -1/49 HPs)
             Began as a Draconian Conjurer on Nov 11, 2022.
             Slain by a gnoll sergeant
             ... wielding a +0 trident
              (11 damage)
             ... on level 2 of the Dungeon.
             The game lasted 00:06:18 (1729 turns).

experimilk the Conjurer (Draconian Conjurer)        Turns: 1729, Time: 00:06:19

Health: -1/49      AC:  5    Str: 10    XL:     4   Next: 32%
Magic:  2/7        EV: 12    Int: 20    God:
Gold:   79         SH:  0    Dex:  9    Spells: 1/7 levels left

rFire   . . .      SeeInvis .    c - +0 whip
rCold   . . .      Faith    .    (no shield)
rNeg    . . .      Spirit   .    (body armour unavailable)
rPois   .          Reflect  .    (helmet restricted)
rElec   .          Harm     .    (no cloak)
rCorr   .          Rampage  .    (no gloves)
Will    .....                    (no boots)
Stlth   ..........               (no amulet)
HPRegen 0.28/turn                (no ring)
MPRegen 0.10/turn                (no ring)

@: berserking, very quick
A: AC +5, unfitting armour, cold-blooded
a: no special abilities


You were on level 2 of the Dungeon.
You visited 1 branch of the dungeon, and saw 2 of its levels.

You collected 79 gold pieces.

Inventory:

Hand Weapons
 c - a +0 whip (weapon)
Missiles
 f - a throwing net
Scrolls
 b - 3 scrolls of teleportation
 d - a scroll of fear {unknown}
 e - a scroll of magic mapping {unknown}
 g - a scroll of amnesia {unknown}
 i - a scroll of poison {unknown}
Potions
 a - a potion of magic


   Skills:
 - Level 1.7 Dodging
 - Level 1.7 Stealth
 - Level 2.0 Spellcasting
 * Level 5.8 Conjurations


You had one spell level left.
You knew the following spells:

 Your Spells              Type           Power      Damage    Failure   Level
a - Magic Dart            Conj           100%       1d8       1%          1
x - Dazzling Flash        Conj/Hex       26%        N/A       14%         3
z - Searing Ray           Conj           50%        2d6       2%          2

Your spell library contained the following spells:

 Spells                   Type           Power      Damage    Failure   Level
 Fulminant Prism          Conj/Hex       6%         3d7       43%         4
 Iskenderun's Mystic Bla  Conj/Tloc      13%        2d5       43%         4


Dungeon Overview and Level Annotations

Branches:
Dungeon (2/15)

Altars:

Shops:
D:2 (


Innate Abilities, Weirdness & Mutations

Your plain brown scales are hard. (AC +5)
You cannot fit into any form of body armour.
You are cold-blooded and may be slowed by cold attacks.


Message History

Magic restored.
Things that are here:
a +0 spear; a gnoll corpse
Things that are here:
a +0 halberd; a gnoll corpse You see here a +0 club.
There is a stone staircase leading down here.
Found a hand axe.
Things that are here:
a +0 halberd; a gnoll corpse
Found a ring mail.
Found the +3 woodcutter's axe {vorpal}.
The gnoll sergeant shouts!
You hear a shout!
You see here a +0 hand axe of flaming.
Casting: Searing Ray (safe; 2% risk of failure)
Confirm with . or Enter, or press ? or * to list all spells.
Aiming: Searing Ray (safe; 2% risk of failure)
Press: ? - help, Shift-Dir - straight line, f - gnoll sergeant
Aim: a gnoll sergeant, wielding a +0 trident, wearing a +0 scale mail and wearing a +0 kite shield (87% to hit)
The searing ray hits the gnoll sergeant but does no damage. (Press . to maintain the ray.)
The gnoll sergeant hits you with a +0 trident!
The searing ray hits the gnoll sergeant.
The gnoll sergeant is lightly wounded.
The gnoll sergeant hits you with a +0 trident.
Unknown command.
The searing ray hits the gnoll sergeant.
The gnoll sergeant is moderately wounded.
Unknown command.
The searing ray hits the gnoll sergeant.
The gnoll sergeant is moderately wounded.
You finish channelling your searing ray.
The gnoll sergeant hits you with a +0 trident!
* * * LOW HITPOINT WARNING * * *
A red film seems to cover your vision as you go berserk!
You feel yourself moving faster!
You feel mighty! The gnoll hits you with a +0 club.
* * * LOW HITPOINT WARNING * * *
The gnoll sergeant hits you with a +0 trident!
You die...

#...## #.##(
##### ###.##. ##
####...##.
###.###
#....#####
♣♣#..)..#♣♣######
♣[#.....#. ♣.
.....#.♣
♣.###g###.♣ #
♣...@g...)♣ #
♣♣..♣....♣♣ #
♣♣)..♣.♣♣ #
♣.....♣ # ♣♣...♣♣
# ♣..)♣ # ♣♣)♣♣ #
♣.♣ # #.# #


You could see a gnoll sergeant and a gnoll.

Vanquished Creatures
  3 gnolls (D:2)
  2 adders (D:2)
  A dart slug (D:2)
  4 bats
  An endoplasm (D:1)
  A giant cockroach (D:1)
  7 goblins
  3 hobgoblins
  5 jackals
  3 kobolds
  2 quokkas
  5 ball pythons
  A frilled lizard (D:2)
  2 rats (D:1)
40 creatures vanquished.

Notes
Turn   | Place    | Note
-------+----------+-------------------------------------------
     0 | D:1      | experimilk the Draconian Conjurer began the quest for the
                  | Orb.
     0 | D:1      | Reached XP level 1. HP: 14/14 MP: 3/3
   167 | D:1      | Reached XP level 2. HP: 20/20 MP: 3/5
   172 | D:1      | Learned a level 2 spell: Searing Ray
   292 | D:1      | Upgraded the game from 0.30-a0-358-g0d69a1922f to
                  | 0.30-a0-359-gd0147acb1a
   941 | D:2      | Reached skill level 5 in Conjurations
   971 | D:2      | Reached XP level 3. HP: 26/26 MP: 1/6
  1020 | D:2      | Learned a level 3 spell: Dazzling Flash
  1043 | D:2      | Found Tuwud's Weapon Boutique.
  1569 | D:2      | Reached XP level 4. HP: 33/33 MP: 0/7
  1722 | D:2      | Noticed a gnoll sergeant
  1722 | D:2      | Found the +3 woodcutter's axe {vorpal}
  1729 | D:2      | Slain by a gnoll sergeant

Illustrated notes

Levels and vault maps discovered:
D:1:      saegor_arrival_miasma, layout_basic, nicolae_figureground_pulse
D:2:      layout_rooms, serial_shops, nicolae_shop_bloodbath_and_beyond,
          pf_guarded_unrand_woodcutter

Skill      XL: |  1  2 |
---------------+-------+-----
Conjurations   | 5 |  5.8
Dodging        | |  1.7
Stealth        | |  1.7
Spellcasting   | |  2.0

Action                   |  1- 3 |  4- 6 || total
-------------------------+-------+-------++-------
Melee: Unarmed           |    33 |       ||    33
       Tailslap          |     5 |       ||     5
       Whip              |    12 |       ||    12
 Cast: Magic Dart        |    62 |       ||    62
       Searing Ray       |     4 |     2 ||     6
  Use: Potion            |     1 |     1 ||     2
       Scroll            |     3 |       ||     3
Armor: Skin              |    20 |       ||    20
Dodge: Dodged            |    38 |       ||    38

Table legend: (Time is in decaauts)
 A = Elapsed time spent in this place.
 B = Non-inter-level travel time spent in this place.
 C = Inter-level travel time spent in this place.
 D = Time resting spent in this place.
 E = Time spent auto-exploring this place.
 F = Levels seen in this place.
 G = Mean time per level.
                   A        B        C        D        E       F      G
               +--------+--------+--------+--------+--------+-----+--------+
         Total |   1730 |   1719 |     11 |    323 |   1094 |   2 |  865.0 |
       Dungeon |   1730 |   1719 |     11 |    323 |   1094 |   2 |  865.0 |
               +--------+--------+--------+--------+--------+-----+--------+

Top non-repeatable levels by time:
     D:1: 901 daAuts
     D:2: 828 daAuts
